 Dungeon Crawl Stone Soup version 0.24-a0-459-g225fefd530 (webtiles) character file.

Game seed: 3041821979550449363

4313 Arthanis the Cleaver (level 10, -14/96 HPs)
             Began as a Gargoyle Berserker on June 28, 2019.
             Was an Elder of Trog.
             Demolished by a death yak (18 damage)
             ... on level 9 of the Dungeon.
             The game lasted 00:10:36 (5663 turns).

Arthanis the Cleaver (Gargoyle Berserker)           Turns: 5663, Time: 00:10:36

Health: -14/96     AC: 24    Str: 25    XL:     10   Next: 33%
Magic:  10/10      EV: 10    Int: 12    God:    Trog [****..]
Gold:   433        SH:  0    Dex:  9    Spells: 9/9 levels left

rFire    . . .     SeeInvis .   o - +0 war axe
rCold    . . .     Gourm    .   (no shield)
rNeg     + . .     Faith    .   s - +0 chain mail
rPois    ∞         Spirit   .   (no helmet)
rElec    +         Reflect  .   (no cloak)
rCorr    +         Harm     .   (no gloves)
MR       ++...                  K - +2 pair of boots
Stlth    ..........             y - amulet of magic regeneration
HPRegen  1.26/turn              N - ring of resist corrosion
MPRegen  0.37/turn              u - +3 ring of protection

@: berserking (expiring), regenerating, very quick
A: negative energy resistance 1, electricity resistance, unbreathing,
petrification resistance, rot immunity, AC +7
a: Berserk, Trog's Hand, Brothers in Arms, Renounce Religion


You were on level 9 of the Dungeon.
You worshipped Trog.
Trog was greatly pleased with you.
You were very hungry.

You visited 1 branch of the dungeon, and saw 9 of its levels.
You also visited: Sewer.

You collected 433 gold pieces.

Inventory:

Hand Weapons
 a - a +0 hand axe
 d - a +0 battleaxe
 l - a cursed -3 spear
 o - a +0 war axe (weapon)
 E - a +2 spear
Armour
 b - a +0 animal skin
 m - a +0 scale mail
 s - a +0 chain mail (worn)
 H - the +2 robe "Wupumpith" {rPois Int+3, unknown}
   (You found it on level 6 of the Dungeon)

   It affects your intelligence (+3).
   It protects you from poison.
 K - a +2 pair of boots (worn)
Jewellery
 t - an uncursed ring of protection from magic
 u - a +3 ring of protection (right hand)
 y - an amulet of magic regeneration (around neck)
 G - an uncursed ring of protection from magic
 N - a ring of resist corrosion (left hand)
Wands
 q - a wand of iceblast (8)
 M - a wand of flame (19)
Scrolls
 e - 6 scrolls of fear {unknown}
 f - 8 scrolls of identify {unknown}
 g - 3 scrolls of enchant armour {unknown}
 h - a scroll of magic mapping {unknown}
 i - 4 scrolls of teleportation {unknown}
 j - a scroll of fog {unknown}
 p - 3 scrolls of remove curse {unknown}
 x - a scroll of random uselessness {unknown}
 z - a scroll of immolation {unknown}
 C - a scroll of noise {unknown}
 J - 2 scrolls of amnesia {unknown}
 O - a scroll of enchant weapon {unknown}
Potions
 k - 5 potions of brilliance {unknown}
 n - 3 potions of flight {unknown}
 r - a potion of experience {unknown}
 v - 4 potions of heal wounds {unknown}
 w - 8 potions of curing {unknown}
 A - a potion of cancellation {unknown}
 B - 3 potions of agility {unknown}
 D - a potion of degeneration {unknown}
 F - a potion of berserk rage {unknown}
 I - a potion of ambrosia {unknown}
Comestibles
 c - 19 rations
 L - a chunk of flesh


   Skills:
 + Level 8.3 Fighting
 * Level 9.6 Axes
 + Level 8.0 Armour
 - Level 4.0 Dodging


You had 9 spell levels left.
You didn't know any spells.
Your spell library contained the following spells:

 Spells                   Type           Power        Failure   Level  Hunger
 Animate Skeleton         Necr           N/A          88%         1    ##.....
 Apportation              Tloc           #.....       88%         1    ##.....
 Confusing Touch          Hex            #.....       88%         1    ##.....
 Magic Dart               Conj           #...         88%         1    ##.....
 Summon Small Mammal      Summ           #...         88%         1    ##.....
 Blink                    Tloc           N/A          95%         2    ###....
 Call Imp                 Summ           #.......     95%         2    ###....
 Slow                     Hex            #.......     95%         2    ###....
 Conjure Flame            Conj/Fire      #.......     99%         3    ####...
 Mephitic Cloud           Conj/Pois/Air  #.......     99%         3    ####...


Dungeon Overview and Level Annotations

Branches:
Dungeon (9/15)             Temple (0/1) D:4            Lair (0/6) D:9
    Orc: D:9-12

Altars:
Dithmenos
Uskayaw
Wu Jian
Xom
Yredelemnul

Shops:
D:7 }

Annotations:
D:9 Erica


Innate Abilities, Weirdness & Mutations

You are resistant to torment.
Your stone body is resilient. (AC +7)
You are immune to poison.
You resist negative energy. (rN+)
You are resistant to electric shocks. (rElec)
You can survive without breathing.
You are immune to petrification.
You are immune to rotting.


Message History

You barely miss the death yak. The death yak gores you!
* * * LOW HITPOINT WARNING * * *
The death yak gores you.
* * * LOW HITPOINT WARNING * * *
You hit the death yak.
The death yak is severely wounded.
You slash the death yak!
The death yak gores you but does no damage.
You hit the death yak.
The death yak is severely wounded.
You slash the death yak!
The death yak snorts and paws the ground.
The death yak gores you.
* * * LOW HITPOINT WARNING * * *
The death yak gores you but does no damage.
Your chain mail prevents you from hitting the death yak.
The death yak is almost dead.
Your chain mail prevents you from hitting the death yak.
The death yak gores you!!
You die...

........#..#....###
........##........#
........##........#
#.................#
#.................#
#.........##.....##
#.........##.....#
#...)..)..#......#
##..(((####.....@#
#.(..(#
#.#...YYr.....
#.....#
#.##>##rrr.##.
#.....# #. ###
Zrr#... #.....# #.
r....>. #.....#
...... ##.....#
....#.# .......#
....... ########


You could see 2 death yaks, 2 hell rats, 2 porcupines, an adder zombie, a quokka
and 2 rats.

Vanquished Creatures
  A death yak (D:9)
  2 hippogriffs
  A water moccasin (D:5)
  2 ice beasts
  A black bear (D:8)
  5 ogres
  3 phantoms
  4 centaurs
  2 big kobolds (Sewer)
  5 bullfrogs
  A water moccasin skeleton (D:8)
  A killer bee (D:9)
  8 wights
  2 howler monkeys (D:5)
  2 jellies (D:8)
  3 crimson imps
  2 bullfrog zombies
  2 orc priests
  3 bullfrog skeletons
  A gnoll shaman (D:5)
  3 hounds
  3 iguanas
  2 orc wizards
  Ijyb (D:3)
  Terence (D:2)
  6 worker ants
  A killer bee zombie (D:8)
  A howler monkey zombie (D:7)
  A worker ant zombie (D:6)
  5 gnolls (D:5)
  7 adders
  A river rat (D:5)
  2 shadow imps (D:5)
  5 oozes (Sewer)
  An adder zombie (D:6)
  2 adder skeletons
  2 worms
  2 dart slugs
  7 leopard geckos
  22 orcs
  6 ball pythons
  3 giant cockroaches
  7 goblins
  6 hobgoblins
  9 jackals
  22 kobolds
  A quokka (D:3)
  3 bats
  11 frilled lizards
  A quokka skeleton (D:5)
  7 rats
  4 plants (D:5)
206 creatures vanquished.

Vanquished Creatures (collateral kills)
  An ogre (D:9)
  3 killer bees (D:9)
4 creatures vanquished.

Vanquished Creatures (others)
  5 dream sheep (D:5)
  4 plants (D:5)
9 creatures vanquished.

Grand Total: 219 creatures vanquished

Notes
Turn   | Place    | Note
-------+----------+-------------------------------------------
     0 | D:1      | Arthanis the Gargoyle Berserker began the quest for the
                  | Orb.
     0 | D:1      | Reached XP level 1. HP: 14/14 MP: 1/1
    55 | D:1      | Reached XP level 2. HP: 7/19 MP: 2/2
   109 | D:1      | Reached skill level 3 in Axes
   438 | D:1      | Reached XP level 3. HP: 11/23 MP: 3/3
   801 | D:2      | Reached ** piety under Trog
  1026 | D:2      | Noticed Terence
  1033 | D:2      | Killed Terence
  1033 | D:2      | Reached XP level 4. HP: 29/29 MP: 4/4
  1421 | D:3      | Noticed Ijyb
  1425 | D:3      | Reached XP level 5. HP: 30/33 MP: 5/5
  1431 | D:3      | Killed Ijyb
  1469 | D:3      | Noticed a phantom
  1512 | D:3      | Killed a phantom
  1512 | D:3      | Reached skill level 4 in Axes
  1512 | D:3      | Reached XP level 6. HP: 30/38 MP: 6/6
  1651 | D:3      | Found a hide-covered altar of Uskayaw.
  1817 | D:4      | Found a staircase to the Ecumenical Temple.
  2030 | D:4      | Noticed a phantom
  2073 | D:4      | Killed a phantom
  2073 | D:4      | Reached *** piety under Trog
  2073 | D:4      | Reached skill level 5 in Axes
  2073 | D:4      | Reached XP level 7. HP: 41/44 MP: 7/7
  2648 | D:5      | Entered Level 5 of the Dungeon
  2743 | D:5      | Reached skill level 5 in Fighting
  2778 | D:5      | Noticed a dream sheep
  2778 | D:5      | Noticed a dream sheep
  2778 | D:5      | Noticed a dream sheep
  2778 | D:5      | Noticed a dream sheep
  2778 | D:5      | Noticed a dream sheep
  2778 | D:5      | Found a shimmering altar of Xom.
  2781 | D:5      | Killed a dream sheep
  2781 | D:5      | Killed a dream sheep
  2781 | D:5      | Killed a dream sheep
  2782 | D:5      | Killed a dream sheep
  2783 | D:5      | Killed a dream sheep
  2861 | D:5      | Reached XP level 8. HP: 40/49 MP: 8/8
  2902 | D:5      | Found a glowing drain.
  2916 | Sewer    | Entered a sewer
  3152 | Sewer    | Reached skill level 6 in Axes
  3152 | Sewer    | Reached skill level 5 in Armour
  3309 | D:5      | Reached **** piety under Trog
  3359 | D:5      | Found an ornate altar of the Wu Jian Council.
  3844 | D:6      | Reached skill level 7 in Axes
  3851 | D:6      | Got a colourful robe
  4109 | D:6      | Reached XP level 9. HP: 56/56 MP: 9/9
  4147 | D:6      | Found a shadowy altar of Dithmenos.
  4541 | D:7      | Found Gewiqiuj's Gadget Shoppe.
  4730 | D:7      | Reached skill level 8 in Axes
  4992 | D:8      | Found a basalt altar of Yredelemnul.
  5100 | D:8      | Reached ***** piety under Trog
  5200 | D:8      | Reached XP level 10. HP: 51/64 MP: 10/10
  5223 | D:8      | Reached skill level 9 in Axes
  5635 | D:9      | Noticed a death yak
  5636 | D:9      | Noticed a death yak
  5637 | D:9      | Found a staircase to the Lair.
  5637 | D:9      | Noticed a death yak
  5637 | D:9      | Noticed Erica
  5641 | D:9      | Killed a death yak
  5662 | D:9      | HP: 3/96 [death yak (5)]
  5663 | D:9      | Demolished by a death yak

Levels and vault maps discovered:
D:1:      shiori_arrival_oz, layout_basic, minmay_pentomino_o4
D:2:      layout_loops_ring, uniq_terence
D:3:      layout_rooms, nicolae_overflow_hidden_temple, uniq_ijyb
D:4:      layout_loops_corners, minmay_temple_entry_glass, serial_forest,
          infiniplex_forest_lined_room_3, infiniplex_forest_clump_tiny,
          infiniplex_forest_lined_room_, infiniplex_forest_zigzag_1,
          infiniplex_forest_lined_room_2, infiniplex_forest_clump_small,
          first_ration
D:5:      layout_basic, kb_xom_exploding_sheep, serial_bayou,
          serial_bayou_shore_b, serial_bayou_pond_e, serial_bayou_lagoon_a,
          serial_bayou_pond_a, portal_sewer_entry_b, basic_altar
D:6:      layout_gridville, lemuel_round_altar
D:7:      layout_gridville, serial_shops, shop
D:8:      layout_basic, basic_altar, grunt_ogre_cave
D:9:      layout_basic, nemelex_xobeh_ov_fountains_minmay, dpeg_lair_monsters,
          david_orc_2, grunt_tough_drop, uniq_erica

Skill      XL: |  1  2  3  4  5  6  7  8  9 10 |
---------------+-------------------------------+-----
Axes           | 3 4 5 7 8 9 |  9.6
Dodging        | 2 3 4 |  4.0
Armour         | 3 4 5 7 8 |  8.0
Fighting       | 4 5 6 7 8 |  8.3

Action                   |  1- 3 |  4- 6 |  7- 9 | 10-12 || total
-------------------------+-------+-------+-------+-------++-------
Melee: Hand axe          |   119 |    25 |       |       ||   144
       War axe           |       |   103 |   484 |    71 ||   658
Invok: Berserk           |     2 |     3 |     4 |     2 ||    11
       Trog's Hand       |       |       |     2 |     2 ||     4
       Brothers in Arms  |       |       |       |     1 ||     1
  Eat: Chunk             |     2 |     7 |     9 |     3 ||    21
       Ration            |       |       |     2 |       ||     2
Armor: Animal skin       |    40 |       |       |       ||    40
       Scale mail        |       |    39 |       |       ||    39
       Chain mail        |       |    52 |   368 |    46 ||   466
Dodge: Dodged            |    83 |    64 |   255 |    34 ||   436

Table legend:
 A = Non-vault XP
 B = Vault XP
 C = Vault XP percentage of total XP
 D = Non-vault monster count
 E = Vault monster count
 F = Vault count percentage of total count
                 A         B        C        D         E       F
            +---------+---------+-------+---------+---------+-------
      Total |    5190 |     972 |  15.8 |     172 |      34 |  16.5
            +---------+---------+-------+---------+---------+-------
        D:1 |      40 |       4 |   9.1 |      22 |       3 |  12.0
        D:2 |      56 |      32 |  36.4 |      19 |       1 |   5.0
        D:3 |     180 |      33 |  15.5 |      23 |       1 |   4.2
        D:4 |     430 |       0 |   0.0 |      13 |       0 |   0.0
        D:5 |     648 |      17 |   2.6 |      27 |       3 |  10.0
        D:6 |     865 |       0 |   0.0 |      16 |       0 |   0.0
        D:7 |     933 |       0 |   0.0 |      21 |       0 |   0.0
        D:8 |    1575 |     118 |   7.0 |      23 |       1 |   4.2
        D:9 |     463 |     507 |  52.3 |       8 |       1 |  11.1
      Sewer |       0 |     261 | 100.0 |       0 |      24 | 100.0
            +---------+---------+-------+---------+---------+-------
